 Dungeon Crawl Stone Soup version 0.20.1-1-g8b1a95d (webtiles) character file.

52591 Firecrotchwizard the Destroyer (level 14, -9/121 HPs)
             Began as a Green Draconian Fire Elementalist on Nov 13, 2017.
             Was an Elder of Vehumet.
             Killed from afar by a lindwurm (36 damage)
             ... with a blast of flame
             ... on level 6 of the Lair of Beasts on Nov 17, 2017.
             The game lasted 01:47:15 (30095 turns).

Firecrotchwizard the Destroyer (DrFE)              Turns: 30095, Time: 01:47:15

Health: -9/121     AC: 16    Str: 15    XL:     14   Next: 27%
Magic:  22/22      EV: 22    Int: 19    God:    Vehumet [****..]
Gold:   747        SH:  6    Dex: 12    Spells: 5/24 levels left

rFire    . . .     SeeInvis .   o - +3 quarterstaff (protect)
rCold    . . .     Gourm    .   (shield currently unavailable)
rNeg     . . .     Faith    .   (armour unavailable)
rPois    +         Spirit   .   (helmet restricted)
rElec    .         Reflect  +   N - +2 cloak
rCorr    .         Harm     .   e - +1 pair of gloves {Str+3}
MR       +....                  y - +2 pair of boots
Stlth    ++........             O - +6 amulet of reflection
Regen    0.3/turn               r - +4 ring of evasion
MPRegen  0.2/turn               (no ring)

@: hasted, very quick
A: breathe noxious fumes, unfitting armour, stinger 1, poison resistance,
cold-blooded, AC +8
a: Breathe Noxious Fumes, Renounce Religion


You were on level 6 of the Lair of Beasts.
You worshipped Vehumet.
Vehumet was greatly pleased with you.
You were hungry.

You visited 3 branches of the dungeon, and saw 18 of its levels.

You collected 991 gold pieces.
You spent 244 gold pieces at shops.

Inventory:

Hand Weapons
 h - a +1 dagger of draining
   (You took it off Josephine on level 11 of the Dungeon)
 m - a +1 blowgun
   (You took it off a kobold on level 4 of the Dungeon)
 o - a +3 quarterstaff of protection (weapon)
   (You found it on level 9 of the Dungeon)
 L - the cursed +0 hunting sling of Heet {freeze, rN+ Str+3 Int+3, unknown}
   (You found it on level 5 of the Lair of Beasts)

   It causes projectiles fired from it to freeze those they strike, causing
   extra injury to most foes and up to half again as much damage against
   particularly susceptible opponents.
   They can also slow down cold-blooded creatures.
   It affects your strength (+3).
   It affects your intelligence (+3).
   It protects you from negative energy.
   It has a curse placed upon it.
Missiles
 k - 7 curare-tipped needles
 U - a throwing net {=f, !d}
Armour
 e - a +1 pair of gloves of strength (worn)
   (You bought it in a shop on level 8 of the Dungeon)
 y - a +2 pair of boots (worn)
   (You found it on level 7 of the Dungeon)
 N - a +2 cloak (worn)
   (You bought it in a shop on level 11 of the Dungeon)
Jewellery
 r - a +4 ring of evasion (left hand)
   (You found it on level 5 of the Dungeon)
 z - an uncursed ring of ice {rC+, rF-}
   (You found it on level 7 of the Dungeon)
 O - a +6 amulet of reflection (around neck)
   (You found it on level 2 of the Lair of Beasts)
Wands
 w - a wand of disintegration (22/24)
   (You found it on level 7 of the Dungeon)
 C - a wand of enslavement (7/24)
   (You found it on level 1 of the Lair of Beasts)
 F - a wand of paralysis (12/24)
   (You found it on level 9 of the Dungeon)
 J - a wand of lightning (7/15)
   (You found it on level 9 of the Dungeon)
 R - a wand of digging (10/24)
   (You found it on level 2 of the Lair of Beasts)
 T - a wand of lightning (6/15)
   (You found it on level 4 of the Lair of Beasts)
 W - a wand of disintegration (7/24)
   (You found it on level 6 of the Lair of Beasts)
Scrolls
 c - 6 scrolls of fog
 g - 11 scrolls of teleportation
 s - a scroll of recharging
 x - 4 scrolls of identify
 D - 2 scrolls of blinking {!r}
 H - 4 scrolls of enchant weapon
 M - a scroll of amnesia
 P - a scroll of fear
 Z - a scroll of silence {unknown}
Potions
 f - 2 potions of flight {unknown}
 i - a potion of brilliance {unknown}
 j - 5 potions of agility
 l - 2 potions of haste
 n - a potion of lignification {unknown}
 p - 9 potions of curing
 t - a potion of degeneration {unknown}
 u - 4 potions of mutation {!q}
 A - 2 potions of ambrosia {unknown}
 B - 2 potions of resistance {unknown}
 Q - a potion of cancellation {unknown}
Books
 a - a book of Flames
 q - a book of Battle
   (You found it on level 5 of the Dungeon)
 E - a book of Minor Magic
   (You found it on level 8 of the Dungeon)
 G - a book of Callings
   (You found it on level 8 of the Dungeon)
 K - a book of Misfortune
   (You found it on level 10 of the Dungeon)
Miscellaneous
 d - a phantom mirror
 I - a sack of spiders
 V - a crystal ball of energy
   (You found it on level 4 of the Lair of Beasts)
 X - a fan of gales
   (You found it on level 5 of the Lair of Beasts)
Comestibles
 b - 12 bread rations {@e1}
 v - a chunk of flesh {@w0}


   Skills:
 - Level 10.0 Fighting
 - Level 11.0 Dodging
 - Level 1.7 Stealth
 - Level 5.9 Spellcasting
 + Level 14.9 Conjurations
 + Level 1.3 Translocations
 - Level 8.6 Fire Magic
 + Level 9.2 Evocations


You had 5 spell levels left.
You knew the following spells:

 Your Spells              Type           Power        Failure   Level  Hunger
a - Flame Tongue          Conj/Fire      #####        1%          1    None
b - Magic Dart            Conj           ####         1%          1    None
c - Conjure Flame         Conj/Fire      ######..     1%          3    ##.....
d - Blink                 Tloc           N/A          10%         2    None
f - Fireball              Conj/Fire      ######....   1%          5    #####..
s - Sticky Flame          Conj/Fire      ######..     1%          4    ####...
x - Mephitic Cloud        Conj/Pois/Air  ###.....     1%          3    ##.....


Dungeon Overview and Level Annotations

Branches:
Dungeon (11/15)            Temple (1/1) D:7            Lair (6/6) D:11
 Shoals (0/4) Lair:4        Snake (0/4) Lair:2        Slime (0/5) Lair:6
    Orc: D:9-12

Altars:
Ashenzari
Cheibriados
Dithmenos
Elyvilon
Fedhas
Gozag
Hepliaklqana
Kikubaaqudgha
Makhleb
Nemelex Xobeh
Okawaru
Qazlal
Ru
Sif Muna
Trog
Uskayaw
Vehumet
Xom
Yredelemnul
Zin
The Shining One
Jiyva
Lugonu

Shops:
D:6 *   D:8 [   D:11 [

Annotations:
D:2 exclusion: Natasha, Natasha
D:3 morik's ghost, amateur DrTm
D:5 exclusion: howler monkey, Edmund
D:9 exclusion: statue
D:10 exclusions: 7 doors, gargoyle and 1 more exclusion
D:11 slughead42's ghost, journeyman GrFi
Lair:3 exclusion: elephant


Innate Abilities, Weirdness & Mutations

You can breathe blasts of noxious fumes.
Your lurid green scales are hard. (AC +8)
You cannot fit into any form of body armour.
Your tail ends in a poisonous barb.
Your system is resistant to poisons. (rPois)
You are cold-blooded and may be slowed by cold attacks.


Message History

Aim: a crocodile (hasn't noticed you)
The magic dart hits the crocodile.
Aim: a crocodile (lightly wounded)
The flame tongue misses the crocodile.
You now have 18/22 mp.
Aim: a crocodile (lightly wounded)
The flame tongue hits the crocodile.
You now have 17/22 mp.
Aim: a crocodile (moderately wounded)
The flame tongue hits the crocodile.
You now have 16/22 mp.
Aim: a crocodile (moderately wounded)
The flame tongue misses the crocodile.
You now have 15/22 mp.
Aim: a crocodile (moderately wounded)
The flame tongue hits the crocodile.
You now have 14/22 mp.
Aim: a crocodile (almost dead)
The sticky flame hits the crocodile.
You kill the crocodile!
Vehumet accepts your kill.
You now have 11/22 mp.
You can't see any susceptible monsters within range! (Use Z to cast anyway.)
Okay, then.
You see here a crocodile corpse.
You butcher the crocodile corpse.
v - a chunk of flesh {@w0} You see here a crocodile skeleton.
There is a stone staircase leading up, spattered with blood here.
You start resting.
Health restored: 121; MP restored: 22 You see here a death yak corpse.
A lindwurm comes into view.
The death yak bellows!
The lindwurm roars!
You hear a shout!
Aim: a death yak The sticky flame hits the death yak.
The death yak is covered in liquid flames!
The death yak burns!
You block the death yak's attack.
You now have 18/22 mp.
The death yak burns!
You sock the plant!
You tail-slap the plant, but do no damage.
The death yak burns! x2; The death yak closely misses you.
The death yak burns!
The death yak burns!
The death yak stops burning.
Aim: a death yak (moderately wounded)
The sticky flame hits the death yak.
The death yak is covered in liquid flames!
The death yak burns!
The death yak gores you!!
You take 28 damage, and have 93/121 hp.
MASSIVE DAMAGE!!
You now have 15/22 mp.
The death yak burns!
The death yak burns!
The lindwurm breathes flames at you. The blast of flame hits you!
You take 25 damage, and have 68/121 hp.
MASSIVE DAMAGE!!
The death yak burns!
Aim: a death yak (heavily wounded, covered in liquid flames)
The sticky flame hits the death yak.
The death yak appears unharmed.
The death yak is covered in liquid flames!
You are feeling hungry.
The death yak burns!
The death yak gores you!!
You take 22 damage, and have 46/121 hp.
You now have 12/22 mp.
The death yak burns!
You hit the death yak.
Your weapon exudes an aura of protection.
The death yak burns!
The death yak gores you!
You take 6 damage, and have 40/121 hp.
The death yak burns!
The death yak gores you!
* * * LOW HITPOINT WARNING * * *
You take 16 damage, and have 24/121 hp.
You hit the death yak but do no damage.
The death yak burns!
The lindwurm breathes flames at you. The blast of flame hits you!
The death yak gores you but does no damage.
You hit the death yak.
The death yak burns!
You kill the death yak!
Vehumet accepts your kill.
You feel your power returning. The lindwurm bites you!
* * * LOW HITPOINT WARNING * * *
The lindwurm closely misses you.
The lindwurm claws you but does no damage.
You take 7 damage, and have 18/121 hp.
You regained 6 mp, and now have 18/22 mp.
You feel yourself speed up. The lindwurm misses you.
The lindwurm claws you but does no damage.
You block the lindwurm's attack.
You feel better.
You regained 8 hp, and now have 26/121 hp.
The lindwurm breathes flames at you. The blast of flame misses you.
That's the wrong kind of item! (Use * to select it.)
You gaze into the crystal ball.
You are suffused with power!
MP restored: 22 Unknown command.
The lindwurm breathes flames at you. The blast of flame hits you!
You die...

...#...# ##Y..##.#
P..#..## ...##P.# ..##..#
..รท.#...# ..#...#
..8.##...# ..#.P.## #..P.#
.##....# ###...##
##....P## #####.....#
#.P.....########.......P##
.......P..##P...@..k...##
P....................###
.P..P....####.P.....##
........##..###.P..##
.P.P..###.....######
P.P..##..P........##
....##.............#
....#............###
..................##


You could see a lindwurm.

Vanquished Creatures
  Josephine (D:11)
  Erolcha (D:9)
  5 hydras
  20 death yaks
  A catoblepas (Lair:6)
  A two-headed ogre (D:8)
  The ghost of wotkd0121004 the Sneak, a novice OpFE of Ashenzari (D:8)
  An oklob plant (Lair:4)
  2 black mambas
  A merfolk siren (Lair:4)
  13 elephants
  6 komodo dragons
  10 spiny frogs
  2 rime drakes
  A troll (D:9)
  A hornet (D:10)
  A polar bear (Lair:6)
  A merfolk (Lair:4)
  12 hippogriffs
  4 blink frogs (Lair:6)
  7 dream sheep (Lair:5)
  A spriggan (D:7)
  22 yaks
  5 wraiths
  3 basilisks
  3 nagas (Lair:2)
  23 water moccasins
  14 porcupines
  2 orc warriors (D:8)
  4 ice beasts
  3 sky beasts
  4 black bears
  6 ogres
  3 phantoms
  6 centaurs
  28 wolves
  15 crocodiles
  3 big kobolds
  12 bullfrogs
  6 scorpions
  3 killer bees (D:9)
  4 wights (D:9)
  An electric eel (Lair:4)
  2 howler monkeys
  7 crimson imps
  5 orc priests
  6 jellies
  9 orc wizards
  5 bullfrog skeletons
  2 centaur skeletons
  11 hounds
  4 iguanas
  Jessica (D:3)
  15 worker ants
  A hound zombie (D:6)
  Robin (D:3)
  4 worker ant zombies
  10 adders
  2 shadow imps
  12 oozes
  2 adder zombies
  An adder skeleton (D:5)
  3 worms
  7 dart slugs
  4 leopard geckos
  19 orcs
  2 ball pythons
  6 giant cockroaches
  14 hobgoblins
  10 jackals
  5 quokkas
  9 bats
  2 frilled lizards
  15 goblins
  27 kobolds
  A leopard gecko skeleton (D:6)
  2 quokka skeletons
  7 rats
  A fungus (Lair:5)
  A plant (Lair:6)
498 creatures vanquished.

Vanquished Creatures (others)
  4 bushes
  A fire vortex (D:3)
  13 fungi
  16 plants
  10 toadstools (D:4)
44 creatures vanquished.

Grand Total: 542 creatures vanquished

Notes
Turn   | Place    | Note
-------+----------+-------------------------------------------
     0 | D:1      | Firecrotchwizard the Draconian Fire Elementalist began the quest for the Orb.
     0 | D:1      | Reached XP level 1. HP: 14/14 MP: 3/3
   291 | D:1      | Reached XP level 2. HP: 18/20 MP: 5/5
   449 | D:1      | Reached skill level 2 in Conjurations
   565 | D:1      | Reached XP level 3. HP: 22/26 MP: 1/6
   800 | D:1      | Learned a level 3 spell: Conjure Flame
  1618 | D:2      | Reached skill level 3 in Conjurations
  1970 | D:2      | Reached XP level 4. HP: 32/33 MP: 2/8
  2302 | D:2      | Found a shimmering altar of Xom.
  2308 | D:2      | Learned a level 4 spell: Sticky Flame
  2309 | D:2      | Noticed Natasha
  2710 | D:2      | HP: 6/33 [adder (3)]
  2714 | D:2      | HP: 2/33 [adder (2)]
  2724 | D:2      | Reached skill level 3 in Spellcasting
  2840 | D:3      | Noticed Robin
  2956 | D:3      | Killed Robin
  3067 | D:3      | Noticed morik's ghost (amateur DrTm)
  3078 | D:3      | Reached XP level 5. HP: 38/38 MP: 7/9
  3380 | D:3      | Noticed Jessica
  3383 | D:3      | Killed Jessica
  3530 | D:3      | Found a glowing golden altar of the Shining One.
  3558 | D:3      | Found a shadowy altar of Dithmenos.
  3562 | D:3      | Reached skill level 4 in Conjurations
  3730 | D:3      | Found a bloodstained altar of Trog.
  3912 | D:4      | Found a snail-covered altar of Cheibriados.
  4470 | D:4      | Reached skill level 4 in Fire Magic
  4548 | D:4      | Reached XP level 6. HP: 41/45 MP: 1/11
  4759 | D:4      | Found a burning altar of Makhleb.
  5190 | D:4      | Reached skill level 5 in Conjurations
  5200 | D:4      | Your scales start taking on a lurid green colour.
  5200 | D:4      | Reached XP level 7. HP: 21/50 MP: 0/12
  5200 | D:4      | Gained mutation: Your system is resistant to poisons. (rPois) [Green Draconian growth]
  5209 | D:4      | HP: 11/50 [ooze (4)]
  5224 | D:4      | HP: 11/50 [ooze (3)]
  5226 | D:4      | Reached skill level 5 in Fire Magic
  5658 | D:4      | Reached skill level 4 in Spellcasting
  5715 | D:4      | Learned a level 5 spell: Fireball
  5818 | D:4      | Found a hide-covered altar of Uskayaw.
  6339 | D:5      | Entered Level 5 of the Dungeon
  6398 | D:5      | Reached skill level 6 in Conjurations
  6534 | D:5      | Reached skill level 6 in Fire Magic
  6618 | D:5      | Reached XP level 8. HP: 57/57 MP: 4/14
  6812 | D:5      | Noticed Edmund
  7407 | D:5      | Reached skill level 7 in Conjurations
  7407 | D:5      | Reached skill level 7 in Fire Magic
  8466 | D:6      | Reached skill level 8 in Conjurations
  8620 | D:6      | Found a sacrificial altar of Ru.
  8728 | D:6      | Reached skill level 8 in Fire Magic
  8728 | D:6      | HP: 14/57 [crimson imp (2)]
  8735 | D:6      | HP: 14/57 [crimson imp (2)]
  8759 | D:6      | HP: 13/57 [crimson imp (3)]
  8767 | D:6      | HP: 11/57 [crimson imp (3)]
  8772 | D:6      | HP: 9/57 [crimson imp (3)]
  8780 | D:6      | HP: 6/57 [crimson imp (3)]
  8792 | D:6      | Reached XP level 9. HP: 9/62 MP: 15/15
  9448 | D:6      | Found Juotiec's Hallowed Reliquary.
  9448 | D:6      | Noticed an angel
  9453 | D:6      | Found a glowing golden altar of the Shining One.
  9547 | D:7      | Found a staircase to the Ecumenical Temple.
  9553 | Temple   | Entered the Ecumenical Temple
  9899 | D:7      | Found a hazy altar of Hepliaklqana.
  9946 | D:7      | Found a sparkling altar of Nemelex Xobeh.
  9947 | D:7      | Found a bloodstained altar of Trog.
  9980 | D:7      | Reached skill level 1 in Fighting
  9980 | D:7      | Reached skill level 2 in Dodging
 10389 | D:7      | Reached skill level 2 in Fighting
 10389 | D:7      | Reached skill level 9 in Conjurations
 10533 | D:7      | Reached skill level 3 in Dodging
 10599 | D:8      | Noticed wotkd0121004's ghost (novice OpFE)
 10619 | D:8      | Reached skill level 3 in Fighting
 11011 | D:8      | Reached skill level 4 in Fighting
 11375 | D:8      | Found Buokorop's Antique Armour Boutique.
 11491 | D:8      | Bought a pair of glowing gloves for 172 gold pieces
 11677 | D:8      | Reached skill level 4 in Dodging
 11743 | D:8      | Learned a level 1 spell: Magic Dart
 11753 | D:8      | Reached XP level 10. HP: 80/80 MP: 5/16
 11995 | D:8      | Found a glowing silver altar of Zin.
 12026 | D:8      | Noticed a two-headed ogre
 12040 | D:9      | Noticed Erolcha
 12049 | D:9      | Killed Erolcha
 12049 | D:9      | Reached skill level 5 in Fighting
 12228 | D:9      | Found a blossoming altar of Fedhas.
 12349 | D:9      | Reached skill level 10 in Conjurations
 12730 | D:9      | Reached skill level 5 in Dodging
 12790 | D:9      | Found a radiant altar of Vehumet.
 12796 | D:9      | Became a worshipper of Vehumet
 13077 | D:9      | Found a shattered altar of Ashenzari.
 13169 | D:9      | Reached skill level 6 in Fighting
 13388 | D:9      | Found a deep blue altar of Sif Muna.
 13511 | D:10     | Entered Level 10 of the Dungeon
 13747 | D:10     | Learned a level 3 spell: Mephitic Cloud
 13841 | D:10     | Noticed a gargoyle
 14345 | D:11     | Found a staircase to the Lair.
 14404 | D:11     | Found Ikyxawk's Armour Shop.
 14412 | D:11     | Bought a +0 cloak for 72 gold pieces
 14432 | D:11     | Noticed slughead42's ghost (journeyman GrFi)
 14455 | D:11     | Reached * piety under Vehumet
 14455 | D:11     | Offered knowledge of Freeze by Vehumet.
 14495 | D:11     | Noticed Josephine
 14555 | D:10     | Noticed a gargoyle
 15216 | D:8      | Killed wotkd0121004's ghost
 15216 | D:8      | Reached skill level 7 in Fighting
 15216 | D:8      | Reached skill level 6 in Dodging
 15380 | D:8      | Got an ancient iron ring
 15381 | D:8      | Identified the ring of Xom's Amusement {*Tele Str+3} (You took it off an orc on level 8 of the Dungeon)
 15782 | D:8      | Killed a two-headed ogre
 15782 | D:8      | Reached skill level 11 in Conjurations
 15782 | D:8      | Reached XP level 11. HP: 61/92 MP: 5/17
 16241 | D:11     | Killed Josephine
 16283 | D:10     | HP: 23/94 [wraith[Josephine] (8)]
 16288 | D:10     | Reached skill level 8 in Fighting
 16291 | D:10     | HP: 23/94 [wraith[Josephine] (3)]
 16297 | D:10     | HP: 22/94 [wraith[Josephine] (13)]
 16304 | D:10     | HP: 16/94 [wraith[Josephine] (2)]
 16308 | D:10     | HP: 7/94 [wraith[Josephine] (11)]
 16317 | D:10     | HP: 15/94 [wraith[Josephine] (7)]
 16322 | D:10     | HP: 13/94 [wraith[Josephine] (4)]
 17787 | Lair:1   | Entered Level 1 of the Lair of Beasts
 17839 | Lair:1   | Reached skill level 7 in Dodging
 17849 | Lair:1   | Reached ** piety under Vehumet
 17950 | Lair:1   | Offered knowledge of Throw Frost by Vehumet.
 18958 | Lair:1   | Reached skill level 9 in Fighting
 19639 | Lair:2   | Found a staircase to the Snake Pit.
 19782 | Lair:2   | Reached skill level 12 in Conjurations
 19786 | Lair:2   | Reached skill level 8 in Dodging
 20083 | Lair:2   | Offered knowledge of Ignite Poison by Vehumet.
 20536 | Lair:3   | Noticed a four-headed hydra
 20548 | Lair:3   | Killed a four-headed hydra
 20548 | Lair:3   | Reached XP level 12. HP: 47/106 MP: 14/18
 20733 | Lair:3   | Noticed a six-headed hydra
 20855 | Lair:3   | Killed a six-headed hydra
 20855 | Lair:3   | Reached skill level 10 in Fighting
 21184 | Lair:3   | Reached skill level 1 in Evocations
 21759 | Lair:2   | Reached skill level 2 in Evocations
 21981 | Lair:3   | Reached *** piety under Vehumet
 21981 | Lair:3   | Reached skill level 9 in Dodging
 22085 | Lair:3   | Reached skill level 3 in Evocations
 22502 | Lair:4   | Reached skill level 13 in Conjurations
 22502 | Lair:4   | Reached skill level 4 in Evocations
 22617 | Lair:4   | Learned a level 2 spell: Blink
 22636 | Lair:4   | Offered knowledge of Stone Arrow by Vehumet.
 22827 | Lair:4   | Noticed a death yak
 22827 | Lair:4   | Noticed a death yak
 22828 | Lair:4   | Noticed a death yak
 22869 | Lair:4   | Killed a death yak
 22962 | Lair:4   | Reached skill level 5 in Evocations
 23056 | Lair:4   | Noticed a death yak
 23085 | Lair:3   | Killed a death yak
 23168 | Lair:4   | Killed a death yak
 23373 | Lair:3   | Killed a death yak
 23373 | Lair:3   | Reached skill level 10 in Dodging
 23373 | Lair:3   | Reached XP level 13. HP: 82/113 MP: 9/19
 23848 | Lair:4   | Found a staircase to the Shoals.
 24031 | Lair:5   | Got a crude hunting sling
 24462 | Lair:5   | Reached skill level 6 in Evocations
 24554 | Lair:5   | Reached **** piety under Vehumet
 24995 | Lair:4   | HP: 20/113 [death yak (23)]
 25805 | Lair:6   | Entered Level 6 of the Lair of Beasts
 25893 | Lair:6   | Offered knowledge of Bolt of Draining by Vehumet.
 25943 | Lair:6   | Reached skill level 7 in Evocations
 26012 | Lair:6   | Reached skill level 14 in Conjurations
 26579 | Lair:5   | Reached skill level 11 in Dodging
 26929 | Lair:6   | Reached skill level 8 in Evocations
 27190 | Lair:5   | HP: 27/113 [death yak (15)]
 27195 | Lair:5   | HP: 22/113 [death yak (6)]
 27889 | Lair:6   | Found a viscous altar of Jiyva.
 27889 | Lair:6   | Found a staircase to the Slime Pits.
 28093 | Lair:6   | Reached skill level 5 in Spellcasting
 28097 | Lair:6   | Reached ***** piety under Vehumet
 28104 | Lair:6   | Offered knowledge of Poison Arrow by Vehumet.
 28558 | Lair:6   | Gained mutation: Your tail ends in a poisonous barb. [Green Draconian growth]
 28558 | Lair:6   | Reached XP level 14. HP: 116/121 MP: 17/21
 29393 | Lair:5   | Reached skill level 9 in Evocations
 29896 | Lair:6   | Reached skill level 1 in Translocations
 30087 | Lair:6   | HP: 24/121 [death yak (16)]
 30095 | Lair:6   | Killed from afar by a lindwurm

Skill      XL: |  1  2  3  4  5  6  7  8  9 10 11 12 13 14 |
---------------+-------------------------------------------+-----
Conjurations   | 2 3 4 5 6 8 9 11 12 13 14 | 14.9
Spellcasting   | 3 4 5 |  5.9
Fire Magic     | 4 6 8 |  8.6
Fighting       | 4 7 9 10 | 10.0
Dodging        | 4 6 8 10 11 | 11.0
Evocations     | 5 8 9 |  9.2
Translocations | 1 |  1.3
Stealth        | |  1.7

Action                   |  1- 3 |  4- 6 |  7- 9 | 10-12 | 13-15 || total
-------------------------+-------+-------+-------+-------+-------++-------
Melee: Unarmed           |    23 |       |       |       |       ||    23
       Tailslap          |     5 |       |    48 |    39 |    66 ||   158
       Spear             |    62 |    31 |   480 |    55 |       ||   628
       Quarterstaff      |       |       |       |   182 |   325 ||   507
       Dagger            |       |       |       |     6 |       ||     6
 Cast: Flame Tongue      |    61 |   141 |   264 |   625 |   209 ||  1300
       Sticky Flame      |       |     3 |    19 |    67 |    98 ||   187
       Magic Dart        |       |       |       |    85 |    19 ||   104
       Fireball          |       |       |       |    10 |     6 ||    16
       Mephitic Cloud    |       |       |       |     1 |       ||     1
       Blink             |       |       |       |       |     4 ||     4
 Abil: Breathe Noxious F |       |       |     3 |     2 |       ||     5
Evoke: Wand              |       |       |       |     2 |     2 ||     4
       Crystal ball of e |       |       |       |       |     1 ||     1
  Use: Scroll            |     2 |     3 |     7 |    13 |       ||    25
       Potion            |       |     2 |     4 |     2 |     4 ||    12
 Stab: Sleeping          |     2 |     1 |       |       |       ||     3
       Confused          |       |       |       |     2 |       ||     2
  Eat: Chunk             |     4 |     6 |    10 |    14 |     8 ||    42
       Meat ration       |       |     1 |     3 |     5 |     6 ||    15
       Fruit             |       |       |     2 |     1 |     2 ||     5
       Royal jelly       |       |       |     1 |     2 |       ||     3
       Bread ration      |       |       |       |     1 |       ||     1
Armor: Skin              |    44 |    50 |   138 |   180 |   158 ||   570
Dodge: Dodged            |    87 |   104 |   393 |   492 |   452 ||  1528
Block: Other             |       |       |       |    87 |   152 ||   239
       Reflection        |       |       |       |     1 |     1 ||     2

Vault maps used:
D:1:      evilmike_arrival_rings
D:2:      xom_teletrap_fun, uniq_natasha
D:3:      lemuel_crystal_altar, grunt_dithmenos_smoke, minmay_misc_feat_x,
          bloody_trog, uniq_robin, uniq_jessica, uniq_crazy_yiuf_cottage
D:4:      cheibrodos_fertilizer, kennysheep_little_box,
          eat_drink_and_be_merry_uskayaw, kennysheep_slug_shrine,
          cheibrodos_sewer_entry_bend
D:5:      first_bread, minmay_misc_feat_alley, uniq_edmund
D:6:      overflow_temple_1_default, nicolae_good_shop
D:7:      gammafunk_temple_overflow_statue, kennysheep_mini,
          minmay_temple_entry_enclosed_plants, the_bakery
D:8:      zin_treasury, serial_shops, shop_fountains
D:9:      fedhas_altar_2, marbit_many_paths, led_sif_book, vehumet_statue,
          uniq_erolcha
D:10:     cheibrodos_statue_roulette, wad_floor_pattern_1
D:11:     lair_entry_dummy, serial_shops, shop, uniq_josephine
Temple:   corrupted_temple
Lair:1:   st_stairs_8
Lair:2:   guppyfry_snake_entry_garden
Lair:4:   elwin_shoals_entry_rooms, grunt_megastairs_2
Lair:6:   grunt_lair_end_beastmaster, dpeg_slime_entry_enclosed_altar,
          serial_forest, infiniplex_forest_clump_tiny,
          infiniplex_forest_lined_room_, infiniplex_forest_straight_4,
          infiniplex_forest_clump_small, infiniplex_forest_straight_2,
          infiniplex_forest_clump_medium, infiniplex_forest_lined_1,
          infiniplex_forest_clump_cross

Table legend:
 A = Turns spent in this place as a percentage of turns spent in the entire game.
 B = Non-inter-level travel turns spent in this place as a percentage of non-inter-level travel turns spent in the entire game.
 C = Inter-level travel turns spent in this place as a percentage of turns spent in this place.
 D = Turns resting spent in this place as a percentage of non-inter-level travel turns spent in this place.
 E = Turns spent auto-exploring this place as a percentage of non-inter-level travel turns spent in this place.
 F = Non-inter-level travel turns spent in this place divided by the number of levels of this place that you've seen.
                   A       B       C       D       E      F
               +-------+-------+-------+-------+-------+----------------------
         Total | 100.0 | 100.0 |   0.7 |   8.4 |   6.7 | 392.3
       Dungeon |  58.7 |  58.7 |   0.7 |   9.4 |   8.0 | 377.0
        Temple |   0.3 |   0.3 |   5.0 |   0.0 |  31.6 |  19.0
          Lair |  41.0 |  41.0 |   0.7 |   7.0 |   4.7 | 482.5
               +-------+-------+-------+-------+-------+----------------------

Table legend:
 A = Kills in this place as a percentage of kills in entire the game.
 B = Kills by you in this place as a percentage of kills by you in the entire game.
 C = Kills by friends in this place as a percentage of kills by friends in the entire game.
 D = Other kills in this place as a percentage of other kills in the entire game.
 E = Experience gained in this place as a percentage of experience gained in the entire game.
 F = Experience gained in this place divided by the number of levels of this place that you have seen.
                   A       B       C       D       E      F
               +-------+-------+-------+-------+-------+----------------------
         Total | 100.0 | 100.0 |  -nan |  -nan | 100.0 | 4173.9
       Dungeon |  59.7 |  59.7 |  -nan |  -nan |  19.5 | 1329.4
          Lair |  40.3 |  40.3 |  -nan |  -nan |  80.5 | 10084.7
               +-------+-------+-------+-------+-------+----------------------
